 Dungeon Crawl Stone Soup version 0.30-a0-12-gd8047c6341 (webtiles) character file.

Game seed: 2034854692994632709

3378 porpoise the Spear-Bearer (level 10, -5/79 HPs)
             Began as a Merfolk Gladiator on Aug 24, 2022.
             Was an Initiate of Yredelemnul.
             Slain by a yak (8 damage)
             ... on level 7 of the Dungeon.
             The game lasted 00:29:05 (7087 turns).

porpoise the Spear-Bearer (Merfolk Gladiator)       Turns: 7087, Time: 00:29:06

Health: -5/79      AC: 11    Str: 20    XL:     10   Next: 3%
Magic:  15/15      EV: 12    Int: 12    God:    Yredelemnul [......]
Gold:   227        SH:  4    Dex: 20    Spells: 9/9 levels left

rFire   + . .      SeeInvis .    a - +0 trident
rCold   + . .      Faith    .    P - +0 buckler
rNeg    + . .      Spirit   .    h - +0 ring mail
rPois   +          Reflect  .    o - +0 helmet
rElec   .          Harm     .    z - +2 ratskin cloak {*Rats rPois rN+ Str-1 Int-1 Dex+1}
rCorr   +          Rampage  .    m - +0 pair of gloves
Will    +....                    (no boots)
Stlth   +.........               (no amulet)
HPRegen 0.23/turn                c - ring "Vegos" {rF++ Str+6 Dex+4}
MPRegen 0.14/turn                O - ring "Rata Vev" {Ice Will+ rCorr Str-4 Int+5}

@: no status effects
A: (nimble swimmer 2), mertail
a: Renounce Religion, Recall Undead Harvest


You were on level 7 of the Dungeon.
You worshipped Yredelemnul.
Yredelemnul was noncommittal.
You visited 1 branch of the dungeon, and saw 8 of its levels.

You collected 440 gold pieces.
You spent 213 gold pieces at shops.

Inventory:

Hand Weapons
 a - a +0 trident (weapon)
 b - a +0 sling
Missiles
 d - 2 throwing nets
 e - 8 javelins
 k - a curare-tipped dart
 r - 6 poisoned darts (quivered)
Armour
 h - a +0 ring mail (worn)
 m - a +0 pair of gloves (worn)
 o - a +0 helmet (worn)
 z - the +2 ratskin cloak (worn) {*Rats rPois rN+ Str-1 Int-1 Dex+1}
   (You found it on level 4 of the Dungeon)

   When the wearer is hurt, rats may emerge from it to assist them.
   Str:       It affects your strength (-1).
   Int:       It affects your intelligence (-1).
   Dex:       It affects your dexterity (+1).
   rPois:     It protects you from poison.
   rN:        It protects you from negative energy.
 P - a +0 buckler (worn)
Magical Staves
 C - a staff of death
 M - a staff of conjuration
Jewellery
 c - the ring "Vegos" (left hand) {rF++ Str+6 Dex+4}
   (You found it on level 2 of the Dungeon)

   [ring of strength]

   Str:       It affects your strength (+6).
   Dex:       It affects your dexterity (+4).
   rF:        It greatly protects you from fire.
 i - an amulet of guardian spirit
 I - a ring of protection from cold
 K - a ring of flight
 L - an amulet of faith
 O - the ring "Rata Vev" (right hand) {Ice Will+ rCorr Str-4 Int+5}
   (You found it on level 6 of the Dungeon)

   [ring of ice]

   It enhances your ice magic.
   Str:       It affects your strength (-4).
   Int:       It affects your intelligence (+5).
   rF:        It makes you vulnerable to fire.
   rC:        It protects you from cold.
   rCorr:     It protects you from acid and corrosion.
   Will:      It increases your willpower.
 S - a +6 ring of strength
Wands
 B - a wand of digging (2)
 E - a wand of paralysis (6)
 N - a wand of light (12)
Scrolls
 g - a scroll of acquirement {unknown}
 j - a scroll of fear
 l - 5 scrolls of teleportation
 n - a scroll of enchant weapon {unknown}
 s - a scroll of vulnerability
 t - a scroll of noise
 x - a scroll of amnesia
 y - 2 scrolls of silence
 D - a scroll of blinking
 J - a scroll of torment {unknown}
 Q - a scroll of enchant armour {unknown}
Potions
 p - 2 potions of cancellation
 q - a potion of curing
 u - a potion of brilliance
 v - a potion of flight
 w - a potion of haste {unknown}
 A - a potion of magic
 F - a potion of mutation {unknown}
 G - 2 potions of ambrosia
 H - a potion of degeneration {unknown}
 R - a potion of berserk rage {unknown}


   Skills:
 - Level 7.0 Fighting
 + Level 11.9 Polearms
 - Level 2.0 Throwing
 + Level 4.6 Armour
 - Level 4.0 Dodging
 - Level 7.0 Invocations


You had 9 spell levels left.
You didn't know any spells.
Your spell library contained the following spells:

 Spells                   Type           Power      Damage    Failure   Level
 Fulminant Prism          Conj/Hex       0%         3d6       100%        4
 Iskenderun's Mystic Bla  Conj/Tloc      0%         2d3       100%        4
 Lee's Rapid Deconstruct  Erth           0%         3d5*      100%        5


Dungeon Overview and Level Annotations

Branches:
Dungeon (8/15)             Temple (0/1) D:5
   Lair: D:8-11

Altars:
Cheibriados
Nemelex Xobeh
Ru
Vehumet
Wu Jian
Xom
Yredelemnul
Zin

Shops:
D:7 =*::(

Annotations:
D:3 Sigmund
D:4 exclusion: statue


Innate Abilities, Weirdness & Mutations

((You are very nimble when in or above water. (Stealth+, EV+, Speed+++)))
Your lower body shifts to a powerful aquatic tail in water.


Message History

You barely miss the yak.
The yak is lightly wounded.
Your river rat bites the yak.
The yak misses you. You block the yak's attack. x2
The yak gores you!
* * * LOW HITPOINT WARNING * * *
The black bear bites your black bear zombie.
The black bear claws your black bear zombie. x2
Your black bear zombie bites the black bear.
Your black bear zombie claws the black bear. x2
You puncture the yak!
The yak is moderately wounded.
Your hell rat barely misses the yak.
Your river rat bites the yak!
You swap places.
Your hell rat bites the yak but does no damage.
The yak gores your hell rat but does no damage.
The yak closely misses you. The yak gores your hell rat.
The yak gores your hell rat!
The black bear barely misses your black bear zombie. x2
The black bear claws your black bear zombie.
Your black bear zombie bites the black bear.
Your black bear zombie claws the black bear.
The black bear dies!
Your river rat barely misses the yak.
Your hell rat barely misses the yak.
There is a stone staircase leading up here.
The yak gores you!
* * * LOW HITPOINT WARNING * * *
The yak barely misses you. The yak closely misses your hell rat.
The yak gores your hell rat!
Your hell rat dies!
Your river rat bites the yak but does no damage.
Your black bear zombie bites the yak.
Your black bear zombie barely misses the yak.
Your black bear zombie claws the yak.
You climb upwards.
There is a stone staircase leading down here.
You hit the yak but do no damage.
The yak is severely wounded.
The yak gores you!
You die...
Your body rises from the dead as a mindless zombie.

#.####...........######### #.##.
.Z...'...........##......# #.##.
#.####...........##......# ##.##.
#.####...........##......###.....
#.......###########......'ZZ..##.
#.####### #......###..##.
#.#..[.# #......###..##.
###....############..............
..'....'........@........)......#
###....#########Y##.............#
# ##########....................#
#.#.......................#
#.#.≈≈≈≈≈≈≈≈≈.............#
#.#.≈.......≈.............# ###
#...§.♣♣♣♣♣.≈.##......##### ..#
#...≈.♣.....≈.....#.#.## ..#
###.§.♣._.♣.≈.##..#..).#


You could see a yak.

Vanquished Creatures
  A two-headed ogre (D:7)
  A yak (D:8)
  3 sky beasts (D:7)
  A black bear (D:8)
  2 ogres (D:4)
  A centaur (D:6)
  A phantom (D:4)
  A kobold brigand (D:7)
  3 bullfrogs
  2 scorpions
  A necrophage (D:5)
  6 wights (D:6)
  3 jellies
  3 hounds
  2 orc priests
  4 iguanas
  3 orc wizards
  Ijyb (D:4)
  5 adders
  A gnoll (D:5)
  A shadow imp (D:8)
  A white imp (D:6)
  An ufetubus (D:7)
  2 dart slugs
  17 orcs
  6 endoplasms
  8 giant cockroaches
  16 goblins
  5 hobgoblins
  6 jackals
  5 quokkas
  8 ball pythons
  2 bats
  3 frilled lizards
  13 kobolds
  7 rats
146 creatures vanquished.

Vanquished Creatures (collateral kills)
  A yak (D:8)
  2 black bears
  A phantom (D:5)
  A wight (D:6)
  A hound (D:4)
  A gnoll bouda (D:5)
  An adder (D:5)
  3 gnolls (D:5)
  An orc (D:5)
12 creatures vanquished.

Vanquished Creatures (others)
  A yak zombie (D:8)
  A bullfrog zombie (D:8)
  A sky beast zombie (D:7)
  A hound zombie (D:6)
  2 adder zombies
  A spectral shadow imp (D:8)
  A kobold zombie (D:7)
  8 orc zombies
  9 fungi (D:8)
  13 plants (D:8)
38 creatures vanquished.

Grand Total: 196 creatures vanquished

Notes
Turn   | Place    | Note
-------+----------+-------------------------------------------
     0 | D:1      | porpoise the Merfolk Gladiator began the quest for the Orb.
     0 | D:1      | Reached XP level 1. HP: 16/16 MP: 1/1
   172 | D:1      | Reached XP level 2. HP: 23/23 MP: 2/2
   834 | D:1      | Reached XP level 3. HP: 24/29 MP: 3/3
  1058 | D:2      | Reached skill level 5 in Polearms
  1465 | D:2      | Identified the ring "Vegos" {rF++ Str+6 Dex+4}
  1513 | D:2      | Found a faded altar of an unknown god.
  2102 | D:3      | Reached XP level 4. HP: 35/35 MP: 4/4
  2548 | D:3      | Noticed Sigmund
  2560 | D:4      | Found the +2 ratskin cloak {*Rats rPois rN+ Str-1 Int-1
                  | Dex+1}
  2562 | D:4      | Found a sparkling altar of Nemelex Xobeh.
  2579 | D:4      | Found a shimmering altar of Xom.
  2602 | D:4      | Noticed a scorpion
  2615 | D:4      | Killed a scorpion
  2616 | D:4      | Reached skill level 6 in Polearms
  2616 | D:4      | Reached XP level 5. HP: 43/43 MP: 5/5
  2616 | D:4      | Noticed an ogre
  2628 | D:4      | Killed an ogre
  2629 | D:4      | Reached skill level 5 in Fighting
  2629 | D:4      | Reached XP level 6. HP: 31/51 MP: 6/6
  2911 | D:4      | Reached skill level 7 in Polearms
  2923 | D:4      | Reached XP level 7. HP: 57/57 MP: 7/7
  2989 | D:4      | Found a glowing silver altar of Zin.
  2995 | D:4      | Found a snail-covered altar of Cheibriados.
  3244 | D:4      | Noticed Ijyb
  3256 | D:4      | Paralysed by Ijyb for 5 turns
  3262 | D:4      | Killed Ijyb
  3464 | D:4      | Found a basalt altar of Yredelemnul.
  3472 | D:4      | Became a worshipper of Yredelemnul the Dark
  3592 | D:4      | Found a radiant altar of Vehumet.
  3662 | D:5      | Entered Level 5 of the Dungeon
  3668 | D:5      | Reached skill level 8 in Polearms
  3668 | D:5      | Reached skill level 1 in Invocations
  3681 | D:5      | Reached * piety under Yredelemnul
  3883 | D:5      | Reached ** piety under Yredelemnul
  4106 | D:5      | Reached XP level 8. HP: 65/65 MP: 8/10
  4151 | D:5      | Reached *** piety under Yredelemnul
  4393 | D:5      | Found a staircase to the Ecumenical Temple.
  4470 | D:5      | Found an ornate altar of the Wu Jian Council.
  4477 | D:5      | Noticed a spectral centipede
  4477 | D:5      | Noticed a spectral black mamba
  4578 | D:5      | Reached skill level 9 in Polearms
  4681 | D:6      | Identified the ring "Rata Vev" {Ice Will+ rCorr Str-4
                  | Int+5}
  4761 | D:6      | Reached skill level 1 in Armour
  5548 | D:6      | Reached skill level 10 in Polearms
  5548 | D:6      | Reached skill level 5 in Invocations
  5729 | D:6      | Reached XP level 9. HP: 72/72 MP: 12/12
  5956 | D:7      | Found Vuall's Weapon Boutique.
  6160 | D:7      | Noticed a two-headed ogre
  6181 | D:7      | Killed a two-headed ogre
  6182 | D:7      | Reached skill level 11 in Polearms
  6575 | D:7      | Found Meowiz's Book Emporium.
  6630 | D:7      | Found Jabawouh's Book Emporium.
  6643 | D:7      | Found a sacrificial altar of Ru.
  6776 | D:7      | Found Udwaol's Assorted Antiques.
  6797 | D:7      | Bought an orange potion for 27 gold pieces
  6797 | D:7      | Bought a twisted bone ring for 155 gold pieces
  6797 | D:7      | Bought a scroll labelled NIADONTURI for 31 gold pieces
  6958 | D:7      | Found Ryviecaj's Jewellery Shoppe.
  7078 | D:8      | Reached XP level 10. HP: 35/79 MP: 15/15
  7085 | D:8      | HP: 3/79 [yak (11)]
  7087 | D:7      | Slain by a yak

Illustrated notes

Levels and vault maps discovered:
D:1:      scummos_arrival_hexagon, layout_loops_corners
D:2:      layout_loops_ring, shapermc_ecumenical_altar_mp_urbaneastern,
          minivault_25
D:3:      layout_basic, roderic_lattice_a, hangedman_abyss_or_decor_stabs,
          uniq_jessica, uniq_sigmund
D:4:      kennysheep_goblin_castle, layout_rooms, lemuel_crystal_altar,
          mainiacjoe_overflow_cross_hatched, vehumet_statue,
          mainiacjoe_overflow_catwalk, grunt_temple_overflow_open
D:5:      layout_basic, pdpol_wu_jian_five_deadly_venoms,
          minmay_temple_entry_fiery
D:6:      layout_cave_pods
D:7:      layout_basic, mainiacjoe_overflow_brackets, serial_shops,
          kennysheep_mini, shop, nicolae_shop_trees, nicolae_square_shop,
          nicolae_diamond_shop
D:8:      layout_basic, lemuel_crystal_altar, nicolae_tso_carved_into_rock,
          due_lair_maze_entry_diamond, special_room [special_room_orc],
          minivault_12, uniq_erica

Skill      XL: |  1  2  3  4  5  6  7  8  9 |
---------------+----------------------------+-----
Fighting       | 3 4 5 6 7 |  7.0
Polearms       | 5 6 7 8 10 11 | 11.9
Invocations    | 2 5 7 |  7.0
Armour         | 2 4 |  4.6
Throwing       | |  2.0
Dodging        | |  4.0

Action                   |  1- 3 |  4- 6 |  7- 9 | 10-12 || total
-------------------------+-------+-------+-------+-------++-------
Melee: Trident           |   133 |    70 |   367 |     7 ||   577
       Punch             |     1 |     1 |     5 |       ||     7
       Tailslap          |       |       |     1 |       ||     1
 Fire: Sling             |     5 |     2 |     5 |       ||    12
Throw: Throwing net      |       |     1 |       |       ||     1
       Dart              |       |    12 |     1 |       ||    13
  Use: Scroll            |       |       |    11 |       ||    11
       Potion            |       |       |     4 |       ||     4
 Stab: Held in net/web   |       |     1 |       |       ||     1
       Sleeping          |       |       |     1 |       ||     1
Armor: Leather armour    |     2 |       |       |       ||     2
       Ring mail         |    32 |    19 |    87 |     3 ||   141
Dodge: Dodged            |    49 |    32 |   152 |     6 ||   239
Block: Buckler           |       |       |    16 |     5 ||    21

Table legend: (Time is in decaauts)
 A = Elapsed time spent in this place.
 B = Non-inter-level travel time spent in this place.
 C = Inter-level travel time spent in this place.
 D = Time resting spent in this place.
 E = Time spent auto-exploring this place.
 F = Levels seen in this place.
 G = Mean time per level.
                   A        B        C        D        E       F      G
               +--------+--------+--------+--------+--------+-----+--------+
         Total |   7419 |   7257 |    162 |   1865 |   3969 |   8 |  927.4 |
       Dungeon |   7419 |   7257 |    162 |   1865 |   3969 |   8 |  927.4 |
               +--------+--------+--------+--------+--------+-----+--------+

Top non-repeatable levels by time:
     D:7: 1344 daAuts
     D:6: 1302 daAuts
     D:5: 1092 daAuts
     D:4: 1082 daAuts
     D:1: 975 daAuts
     D:2: 953 daAuts
     D:3: 638 daAuts
     D:8: 29 daAuts
